 Dungeon Crawl Stone Soup version 0.24-a0-549-g45f0056d81 (webtiles) character file.

Game seed: 9044984537327373039

21227 Jannitor the Nimble (level 12, -3/66 HPs)
             Began as a Spriggan Abyssal Knight on Aug 19, 2019.
             Was a High Priest of Lugonu.
             Slain by a tentacled starspawn (24 damage)
             ... on level 1 of the Abyss.
             The game lasted 00:30:55 (15373 turns).

Jannitor the Nimble (Spriggan Abyssal Knight)      Turns: 15373, Time: 00:30:56

Health: -3/66      AC:  7    Str: 10    XL:     12   Next: 52%
Magic:  25/25      EV: 26    Int: 14    God:    Lugonu [*****.]
Gold:   408        SH:  0    Dex: 18    Spells: 11/11 levels left

rFire    . . .     SeeInvis +   N - +4 fustibalus (freeze)
rCold    . . .     Gourm    .   (shield restricted)
rNeg     . . .     Faith    .   k - +0 acid dragon scales
rPois    +         Spirit   .   (helmet restricted)
rElec    .         Reflect  .   (no cloak)
rCorr    +         Harm     .   (gloves unavailable)
MR       +++..                  (boots unavailable)
Stlth    +++++.....             K - amulet of the acrobat
HPRegen  0.21/turn              I - ring of protection from magic
MPRegen  0.19/turn              w - ring of magical power

@: constricted, very quick
A: very small, unfitting armour, horns 1, see invisible, herbivore, speed 3,
poison resistance, slow metabolism 2
a: Depart the Abyss, Bend Space, Banish, Corrupt, Enter the Abyss, Renounce
Religion


You were on level 1 of the Abyss.
You worshipped Lugonu.
Lugonu was extremely pleased with you.
You were hungry.

You visited 1 branch of the dungeon, and saw 13 of its levels.
You visited the Abyss 2 times.

You collected 835 gold pieces.
You spent 427 gold pieces at shops.

Inventory:

Hand Weapons
 e - the +6 hand crossbow of Subjectivity {freeze, rElec rN+}
   (You found it on level 3 of the Abyss)

   It causes projectiles fired from it to freeze those they strike, causing
   extra injury to most foes and up to half again as much damage against
   particularly susceptible opponents.
   They can also slow down cold-blooded creatures.
   It insulates you from electricity.
   It protects you from negative energy.
 t - a +3 dagger
 y - a +0 rapier
 C - a +4 hunting sling of velocity
 N - a +4 fustibalus of freezing (weapon)
Missiles
 j - 15 boomerangs
 o - 52 poisoned darts
 A - 5 throwing nets
 D - 36 sling bullets
 E - 137 stones (quivered)
 J - 20 bolts
Armour
 k - +0 acid dragon scales (worn)
 G - a +2 robe of positive energy
Jewellery
 d - an uncursed ring of magical power
 l - an uncursed ring of poison resistance
 n - an uncursed ring of ice
 w - a ring of magical power (right hand)
 I - a ring of protection from magic (left hand)
 K - an amulet of the acrobat (around neck)
 P - an uncursed ring of resist corrosion
Wands
 b - a wand of random effects (24)
 x - a wand of flame (28)
 O - a wand of polymorph (9)
Scrolls
 h - a scroll of enchant armour
 i - 2 scrolls of amnesia
 q - a scroll of blinking
 r - 11 scrolls of teleportation
 s - 8 scrolls of remove curse
 z - a scroll of fear
 Q - 2 scrolls of fog
Potions
 a - a potion of resistance
 f - 3 potions of lignification
 m - 3 potions of degeneration
 p - 2 potions of mutation
 u - 2 potions of flight
 v - 2 potions of agility
 B - a potion of brilliance
 F - 4 potions of heal wounds
 H - 3 potions of might
 L - 3 potions of haste
Miscellaneous
 g - a phial of floods (inert)
Comestibles
 c - 25 rations


   Skills:
 + Level 9.2 Fighting
 - Level 5.9 Short Blades
 + Level 10.5(10.6) Slings
 - Level 1.1(5.6) Throwing
 * Level 4.2 Armour
 - Level 14.2 Dodging
 - Level 10.9 Stealth
 - Level 5.2 Invocations


You had 11 spell levels left.
You didn't know any spells.
Your spell library contained the following spells:

 Spells                   Type           Power        Failure   Level  Hunger
 Flame Tongue             Conj/Fire      #....        41%         1    ##.....
 Throw Flame              Conj/Fire      #.....       56%         2    ###....
 Conjure Flame            Conj/Fire      #.......     80%         3    ####...
 Inner Flame              Hex/Fire       #.......     80%         3    ####...
 Sticky Flame             Conj/Fire      #.......     99%         4    #####..
 Fireball                 Conj/Fire      #.........   100%        5    ######.


Dungeon Overview and Level Annotations

Branches:
Dungeon (13/15)            Temple (0/1) D:6            Lair (0/6) D:9
    Orc (0/2) D:11
 Vaults: D:13-14

Altars:
Ashenzari
Dithmenos
Hepliaklqana
Makhleb
Okawaru
Qazlal

Shops:
D:6 **   D:11 :}

Annotations:
D:5 2 transporters, junkhipster's ghost, amateur GrFi
D:6 exclusion: upstairs
D:7 exclusion: hippogriff
D:11 Erolcha
D:12 exclusions: two-headed ogre and 2 ugly things, Josephine
D:13 exclusion: ugly thing


Innate Abilities, Weirdness & Mutations

You are very small and have problems with some larger weapons.
You are too small for most types of armour.
You have supernaturally acute eyesight. (SInv)
You are a herbivore.
You cover ground extremely quickly.
You need to consume almost no food.
You have a pair of small horns on your head.
Your system is resistant to poisons. (rPois)


Message History

Tentacles burst from the starspawn's body! 2 starspawn tentacles come into view.
Firing (i - inventory. (/) - cycle)
E - 139 stones (quivered)
Press: ? - help, Shift-Dir - straight line, f/p - tentacled starspawn
Aim: a tentacled starspawn (moderately damaged)
You shoot a stone. The stone hits the tentacled starspawn.
The stone freezes the tentacled starspawn.
The tentacled starspawn is moderately damaged.
Firing (i - inventory. (/) - cycle)
E - 138 stones (quivered)
Press: ? - help, Shift-Dir - straight line, f/p - tentacled starspawn
Aim: a tentacled starspawn (moderately damaged)
You shoot a stone. The stone hits the tentacled starspawn.
The stone freezes the tentacled starspawn.
The tentacled starspawn is moderately damaged.
The tentacled starspawn bites you!! The tentacled starspawn engulfs you!
You are too injured to fight recklessly!
The starspawn tentacle grabs you. The starspawn tentacle constricts you.
The starspawn tentacle's grasp on you weakens, but your attempt to escape fails.
The starspawn tentacle constricts you. The tentacled starspawn bites you!!
You die...

..# (( #..
# .. #. ..
.#.. #.#.
.#...
#..#(.#
##(###
#.Z..# #
#.#Z#.#
...
###wX##..#
.##@....#
.
#..##.###
###.## ##
..### .#
##..# # #
#.. . ##..
. # . #.>
. ..# .
#.#. .#
.#.


You could see a tentacled starspawn, a starspawn tentacle, a titan simulacrum
and a spiny frog skeleton.

Vanquished Creatures
  A two-headed ogre (D:8)
  An unseen horror (D:13)
  An ugly thing (D:11)
  A deep elf mage (D:13)
  2 centaur skeletons
  A komodo dragon (D:9)
  A queen bee (D:10)
  2 hippogriffs
  A vampire (D:11)
  A wraith (D:12)
  5 yaks (D:11)
  Eustachio (D:5)
  4 hogs
  A hungry ghost (D:11)
  2 vampire mosquitoes (D:11)
  An acid dragon (D:12)
  A soldier ant (D:10)
  A water moccasin (D:6)
  Duvessa (D:4)
  3 black bears
  4 orc warriors
  3 phantoms
  3 sky beasts
  9 ogres
  13 centaurs
  3 big kobolds
  3 bullfrogs
  A wyvern zombie (D:9)
  A small abomination (Abyss:1)
  2 gnoll sergeants (D:10)
  A water moccasin zombie (D:5)
  A scorpion (D:5)
  Dowan (D:4)
  A water moccasin skeleton (D:5)
  13 killer bees (D:10)
  4 wights (D:11)
  A howler monkey (D:5)
  2 crimson imps
  4 bullfrog zombies
  2 quasits
  3 jellies
  2 bullfrog skeletons
  A centaur zombie (D:8)
  2 gnoll shamans (D:10)
  15 hounds
  5 orc priests
  15 orc wizards
  Jessica (D:2)
  2 iguanas
  7 worker ants
  2 hound zombies
  A hound skeleton (D:9)
  13 gnolls
  9 adders
  A howler monkey skeleton (D:9)
  3 shadow imps
  2 ufetubi
  An ooze (D:5)
  An adder zombie (D:8)
  An adder skeleton (D:4)
  3 worms
  7 leopard geckos
  48 orcs
  5 giant cockroaches
  7 goblins
  9 hobgoblins
  2 jackals (D:10)
  3 quokkas
  A ball python (D:8)
  6 bats
  5 frilled lizards
  22 kobolds
  A quokka zombie (D:8)
  11 rats
321 creatures vanquished.

Vanquished Creatures (collateral kills)
  A bone dragon (Abyss:2)
  A small abomination (Abyss:2)
  An orc wizard (D:8)
3 creatures vanquished.

Vanquished Creatures (others)
  3 plants (D:9)
  A starspawn tentacle (Abyss:1)
4 creatures vanquished.

Grand Total: 328 creatures vanquished

Notes
Turn   | Place    | Note
-------+----------+-------------------------------------------
     0 | Abyss:1  | Jannitor the Spriggan Abyssal Knight began the quest for
                  | the Orb.
     0 | Abyss:1  | Reached XP level 1. HP: 11/11 MP: 3/3
    25 | Abyss:2  | Noticed a ynoxinul
    74 | Abyss:2  | Found a snail-covered altar of Cheibriados.
    75 | Abyss:2  | Noticed a neqoxec
    87 | Abyss:2  | Noticed a shadow
   108 | Abyss:2  | Noticed a wretched star
   124 | Abyss:2  | Noticed a green death
   217 | Abyss:2  | Noticed a bone dragon
   246 | Abyss:2  | Noticed a small abomination
   249 | Abyss:2  | Killed a small abomination
   249 | Abyss:2  | Reached skill level 4 in Dodging
   249 | Abyss:2  | Reached XP level 2. HP: 13/16 MP: 4/4
   249 | Abyss:2  | Reached XP level 3. HP: 15/19 MP: 5/5
   252 | Abyss:2  | Noticed a shadow wraith
   264 | Abyss:2  | Killed a bone dragon
   264 | Abyss:2  | Reached skill level 10 in Dodging
   264 | Abyss:2  | Reached skill level 10 in Stealth
   264 | Abyss:2  | Reached XP level 4. HP: 20/23 MP: 6/6
   264 | Abyss:2  | Reached XP level 5. HP: 23/27 MP: 7/7
   264 | Abyss:2  | Reached XP level 6. HP: 28/32 MP: 8/8
   264 | Abyss:2  | Reached XP level 7. HP: 31/35 MP: 9/9
   264 | Abyss:2  | Reached XP level 8. HP: 34/39 MP: 10/10
   284 | Abyss:3  | Found a corrupted altar of Lugonu.
   287 | Abyss:3  | Got a translucent hand crossbow
   353 | Abyss:3  | Noticed a smoke demon
   396 | Abyss:3  | Noticed a thrashing horror
   398 | D:1      | Escaped the Abyss
   497 | D:1      | Reached * piety under Lugonu
  1282 | D:2      | Noticed Jessica
  1407 | D:2      | Found a burning altar of Makhleb.
  1844 | D:2      | Killed Jessica
  1855 | D:2      | Identified the +6 hand crossbow of Subjectivity {freeze,
                  | rElec rN+} (You found it on level 3 of the Abyss)
  1876 | D:3      | Found a shattered altar of Ashenzari.
  2034 | D:3      | Reached ** piety under Lugonu
  3416 | D:4      | Gained mutation: Your system is resistant to poisons.
                  | (rPois) [potion of mutation]
  3416 | D:4      | Gained mutation: You have a pair of small horns on your
                  | head. [potion of mutation]
  4293 | D:4      | Noticed Duvessa
  4294 | D:4      | Noticed Dowan
  4305 | D:4      | Killed Dowan
  4306 | D:4      | Killed Duvessa
  4532 | D:5      | Entered Level 5 of the Dungeon
  4628 | D:5      | Reached XP level 9. HP: 26/45 MP: 12/12
  4827 | D:5      | Found a transporter.
  4912 | D:5      | Found a transporter.
  4915 | D:5      | Noticed junkhipster's ghost (amateur GrFi)
  4994 | D:5      | Reached *** piety under Lugonu
  5294 | D:5      | Reached skill level 5 in Short Blades
  5657 | D:5      | Noticed Eustachio
  5671 | D:5      | Killed Eustachio
  5700 | D:5      | Found a shadowy altar of Dithmenos.
  5945 | D:6      | Reached skill level 5 in Invocations
  6491 | D:6      | Found Currod's General Store.
  6502 | D:6      | Bought a +4 hunting sling of velocity for 266 gold pieces
  7387 | D:6      | Reached skill level 5 in Fighting
  7509 | D:6      | Reached skill level 1 in Throwing
  7647 | D:6      | Reached skill level 1 in Slings
  7806 | D:6      | Found a staircase to the Ecumenical Temple.
  7860 | D:6      | Found an iron altar of Okawaru.
  7905 | D:6      | Found Qiul's General Store.
  7909 | D:6      | Bought a +2 robe of positive energy for 161 gold pieces
  8204 | D:5      | Noticed a rust devil
  8204 | D:5      | Noticed a rust devil
  8854 | D:7      | Reached XP level 10. HP: 51/53 MP: 14/14
  9480 | D:8      | Reached skill level 11 in Dodging
  9615 | D:8      | Noticed a two-headed ogre
  9653 | D:8      | Killed a two-headed ogre
  9653 | D:8      | Reached skill level 5 in Slings
  9695 | D:8      | Reached **** piety under Lugonu
 10614 | D:9      | Found a hazy altar of Hepliaklqana.
 10639 | D:9      | Reached ***** piety under Lugonu
 10834 | D:9      | Reached skill level 12 in Dodging
 11173 | D:9      | Found a staircase to the Lair.
 11475 | D:10     | Entered Level 10 of the Dungeon
 11503 | D:10     | You fall into a shaft and drop 3 floors!
 11504 | D:13     | Noticed an unseen horror
 11512 | D:13     | Killed an unseen horror
 11616 | D:13     | Noticed a two-headed ogre
 11616 | D:13     | Noticed a black mamba
 11616 | D:13     | Noticed a deep elf mage
 11616 | D:13     | Noticed a deep elf mage
 11618 | D:13     | Noticed a red ugly thing
 11681 | D:13     | Killed a deep elf mage
 11715 | D:13     | Reached skill level 14 in Dodging
 11715 | D:13     | Reached XP level 11. HP: 9/60 MP: 15/15
 11975 | D:13     | Noticed a cyan ugly thing
 12058 | D:12     | Noticed a brown ugly thing
 12162 | D:12     | Reached XP level 12. HP: 61/65 MP: 16/16
 12216 | D:12     | Reached skill level 1 in Armour
 12395 | D:12     | Noticed Josephine
 12402 | D:12     | Noticed a two-headed ogre
 13049 | D:11     | Found Nosmaf's Gadget Shop.
 13053 | D:11     | Found Ramn's Magic Scroll Boutique.
 13173 | D:11     | Reached skill level 10 in Slings
 13520 | D:11     | Found Iskyqama's Book Shop.
 13534 | D:11     | Noticed Erolcha
 13698 | D:11     | Found a staircase to the Orcish Mines.
 14343 | D:10     | Reached ****** piety under Lugonu
 14393 | D:10     | Found a stormy altar of Qazlal.
 15171 | Abyss:1  | Noticed a tentacled monstrosity
 15210 | Abyss:1  | Noticed a green death
 15345 | Abyss:1  | Identified a scroll of acquirement
 15356 | Abyss:1  | Noticed a tentacled starspawn
 15373 | Abyss:1  | Slain by a tentacled starspawn

Levels and vault maps discovered:
D:1:      dpeg_arrival_fog, layout_basic, minmay_stone_trees_small,
          minmay_tetromino_s4
D:2:      layout_basic, lemuel_doored_altar, fountainhead,
          minmay_tiny_reverse_x, uniq_jessica
D:3:      layout_basic, ashenzari_altar_1, minmay_pentomino_pile
D:4:      layout_layer_cave, uniq_duvessa
D:5:      cheibrodos_iron_armory, layout_basic, gammafunk_ghost_mausoleum,
          first_ration, kennysheep_decorative_pillar,
          hangedman_decor_peaks_small, hangedman_decor_riveting,
          grunt_dithmenos_shadows, uniq_eustachio
D:6:      layout_basic, kennysheep_mini_moat, temple_statues, serial_shops,
          shop, nicolae_shop_crystal
D:7:      layout_basic
D:8:      layout_loops_ring, special_room [special_room_orc]
D:9:      layout_loops_ring, nicolae_overflow_crystal_walls, david_lair_shrubbed
D:10:     layout_big_octagon, serial_gnoll_camp, gnoll_camp_mini_hut,
          gnoll_camp_mini_hut, gnoll_camp_medium_02, gnoll_camp_mini_loothouse,
          david_nohive_1, grunt_qazlal_clouds
D:11:     layout_loops_corners, orc_0_dummy, serial_shops, shop,
          nicolae_shop_behind_doors, shop, uniq_erolcha
D:12:     layout_long_grid, uniq_josephine, uniq_fannar, uniq_kirke
D:13:     minmay_isolated_rectangles_in_corner, layout_loops_ring,
          nooodl_food_tri
Abyss:1

Skill      XL: |  1  2  3  4  5  6  7  8  9 10 11 12 |
---------------+-------------------------------------+-----
Dodging        | 4 10 14 | 14.2
Stealth        | 2 10 | 10.9
Invocations    | 3 5 |  5.2
Short Blades   | 4 5 |  5.9
Fighting       | 3 5 8 9 |  9.2
Throwing       | 1 |  1.1
Slings         | 3 9 10 | 10.5
Armour         | 4 |  4.2

Action                   |  1- 3 |  4- 6 |  7- 9 | 10-12 || total
-------------------------+-------+-------+-------+-------++-------
Melee: Long sword        |     4 |       |   314 |       ||   318
       Headbutt          |       |       |    36 |       ||    36
       Dagger            |       |       |       |     1 ||     1
 Fire: Hunting sling     |       |       |   124 |   967 ||  1091
       Fustibalus        |       |       |       |    13 ||    13
Throw: Dart              |       |       |    77 |       ||    77
       Boomerang         |       |       |     1 |       ||     1
Invok: Depart the Abyss  |       |       |     1 |       ||     1
       Enter the Abyss   |       |       |       |     1 ||     1
Evoke: Wand              |       |       |    10 |     1 ||    11
       Phial of floods   |       |       |     1 |     1 ||     2
  Use: Scroll            |     4 |       |    13 |    11 ||    28
       Potion            |     1 |       |     6 |     1 ||     8
 Stab: Sleeping          |       |       |    40 |     1 ||    41
       Distracted        |       |       |     1 |       ||     1
  Eat: Ration            |       |       |     2 |     3 ||     5
Armor: Robe              |     1 |       |    11 |     8 ||    20
       Skin              |       |       |    58 |       ||    58
       Acid dragon scale |       |       |       |     9 ||     9
Dodge: Dodged            |    19 |       |   368 |   315 ||   702
       Rpst.: Long sword |     4 |       |    92 |       ||    96

Table legend:
 A = Non-vault XP
 B = Vault XP
 C = Vault XP percentage of total XP
 D = Non-vault monster count
 E = Vault monster count
 F = Vault count percentage of total count
                 A         B        C        D         E       F
            +---------+---------+-------+---------+---------+-------
      Total |   15688 |    4280 |  21.4 |     254 |      70 |  21.6
            +---------+---------+-------+---------+---------+-------
        D:1 |      35 |       1 |   2.8 |      21 |       1 |   4.5
        D:2 |      18 |      39 |  68.4 |      12 |       3 |  20.0
        D:3 |      91 |       3 |   3.2 |      22 |       2 |   8.3
        D:4 |     485 |     209 |  30.1 |      15 |       2 |  11.8
        D:5 |     810 |     338 |  29.4 |      17 |       2 |  10.5
        D:6 |     891 |       0 |   0.0 |      23 |       0 |   0.0
        D:7 |     886 |       0 |   0.0 |      13 |       0 |   0.0
        D:8 |    2009 |     224 |  10.0 |      28 |      20 |  41.7
        D:9 |     890 |     361 |  28.9 |      28 |       1 |   3.4
       D:10 |     661 |    1617 |  71.0 |      14 |      33 |  70.2
       D:11 |    4047 |     192 |   4.5 |      33 |       1 |   2.9
       D:12 |    1685 |     789 |  31.9 |      21 |       4 |  16.0
       D:13 |    1170 |     507 |  30.2 |       2 |       1 |  33.3
    Abyss:1 |      92 |       0 |   0.0 |       2 |       0 |   0.0
    Abyss:2 |    1918 |       0 |   0.0 |       3 |       0 |   0.0
            +---------+---------+-------+---------+---------+-------
